 Dungeon Crawl Stone Soup version 0.21.1-1-g345015f (webtiles) character file.

18 inc the Chiller (level 2, 0/11 HPs)
             Began as a Felid Ice Elementalist on Mar 3, 2018.
             Slain by a kobold
             ... wielding a +4 dagger of freezing
              (4 damage)
             ... on level 1 of the Dungeon.
             The game lasted 00:01:10 (877 turns).

inc the Chiller (Felid Ice Elementalist)             Turns: 877, Time: 00:01:11

Health: 0/11       AC:  1    Str:  4    XL:     2   Next: 48%
Magic:  5/6        EV: 18    Int: 16    God:
Gold:   42         SH:  0    Dex: 16    Spells: 4/5 levels left
                                        Lives:  0   Deaths: 0

rFire    . . .     SeeInvis +   (weapon unavailable)
rCold    . . .     Gourm    .   (shield unavailable)
rNeg     . . .     Faith    .   (armour unavailable)
rPois    .         Spirit   .   (helmet unavailable)
rElec    .         Reflect  .   (cloak unavailable)
rCorr    .         Harm     .   (gloves unavailable)
MR       .....                  (boots unavailable)
Stlth    +++.......             h - amulet of regeneration
HPRegen  0.43/turn              (no ring)
MPRegen  0.10/turn              (no ring)

@: quick
A: very small, no armour, no weapons or thrown items, stealth, claws 1, fangs 3,
see invisible, carnivore, speed 1, shaggy fur 1, slow metabolism 1, sharp paws
a: no special abilities


You were on level 1 of the Dungeon.
You were not hungry.

You visited 1 branch of the dungeon, and saw 1 of its levels.

You collected 42 gold pieces.

Inventory:

Jewellery
 h - an amulet of regeneration (around neck)
 j - an uncursed amulet of magic regeneration {unknown}
Scrolls
 c - 4 scrolls of teleportation {unknown}
 e - a scroll of remove curse {unknown}
 f - a scroll of identify {unknown}
 i - a scroll of random uselessness {unknown}
Potions
 d - a potion of ambrosia {unknown}
 g - a potion of resistance {unknown}
Books
 a - a book of Frost

   Spells                             Type                      Level
   a - Freeze                         Ice                          1
   b - Throw Frost                    Conjuration/Ice              2
   c - Ozocubu's Armour               Charms/Ice                   3
   d - Throw Icicle                   Conjuration/Ice              4
   e - Summon Ice Beast               Ice/Summoning                4
Comestibles
 b - 2 rations


   Skills:
 - Level 2.6 Dodging
 - Level 2.6 Stealth
 - Level 2.0 Spellcasting
   Level 0.8 Conjurations
 + Level 3.5 Ice Magic


You had 4 spell levels left.
You knew the following spells:

 Your Spells              Type           Power        Failure   Level  Hunger
a - Freeze                Ice            ##..         4%          1    #......


Dungeon Overview and Level Annotations

Branches:
Dungeon (1/15)

Altars:


Innate Abilities, Weirdness & Mutations

You cannot wear armour.
You are incapable of wielding weapons or throwing items.
Your paws allow you to move quietly. (Stealth)
You have sharp claws.
You have razor-sharp teeth.
You have supernaturally acute eyesight. (SInv)
You are carnivorous and can eat meat at any time.
You cover ground quickly.
You are covered in fur. (AC +1)
You have a slow metabolism.
Your sharp claws are effective at attacking unaware monsters.


Message History

There is an open door here.
You open the door.
There is an open door here.
A kobold comes into view. It is wielding a dagger of freezing.
The kobold shouts!
A kobold is nearby!
A kobold is nearby!
You scratch the kobold but do no damage.
Your bite misses the kobold.
The kobold hits you with a dagger of freezing.
The kobold freezes you.
Casting: Freeze
Confirm with . or Enter, or press ? or * to list all spells.
Aiming: Freeze
Press: ? - help, Shift-Dir - straight line, f - kobold
Aim: a kobold, wielding a dagger of freezing You freeze the kobold.
The kobold is severely wounded.
The kobold hits you with a dagger of freezing.
You die...

###.###.###.#.##.......# #.
#.'.....+.#....)...###.####.
###.#######.#.#.####.# #.#....
####......#......#.# #.# #.#.###
.....#.#######.#.#.####.###.#.#..
.###.#.'.....'.#.#.#........#.#.#
.#...#'#.....#+#.#.#....#.....#.#
.#.....#..><.#.K.#.#....#.....#..
.#...#'#.....###@#.#....#.....###
.#...#.#.....'.#.#.#....+.....#
.#...#.#######.#........##+##.###
.#.#......#....'.#..###.##+##....
.#...#.#######.#.#..#...#...##...
.#.#.#.+.....#.#....#.#.'...##.##
.....###.###.###...##.#.#........
##.........#.......##...+........
#.#.....#.........####.#...##.#.


You could see a kobold.

Vanquished Creatures
  A leopard gecko (D:1)
  4 bats (D:1)
  A giant cockroach (D:1)
  4 hobgoblins (D:1)
  A ball python (D:1)
  A frilled lizard (D:1)
  2 kobolds (D:1)
  2 rats (D:1)
16 creatures vanquished.

Notes
Turn   | Place    | Note
-------+----------+-------------------------------------------
     0 | D:1      | inc the Felid Ice Elementalist began the quest for the Orb.
     0 | D:1      | Reached XP level 1. HP: 7/7 MP: 4/4
   128 | D:1      | Reached skill level 3 in Ice Magic
   571 | D:1      | Reached XP level 2. HP: 11/11 MP: 6/6
   877 | D:1      | Slain by a kobold

Skill      XL: |  1 |
---------------+----+-----
Ice Magic      | 3 |  3.5
Dodging        | |  2.6
Stealth        | |  2.6
Spellcasting   | |  2.0
Conjurations   | |  0.8

Action                   || total
-------------------------++-------
Melee: Unarmed           ||    15
 Cast: Freeze            ||    16
 Stab: Sleeping          ||    10
Armor: Skin              ||     1
Dodge: Dodged            ||    14
